 Dungeon Crawl Stone Soup version 0.28-a0-769-g550dbda0cd (webtiles) character file.

Game seed: 8708937342554084737

98 pokeman the Magician (level 4, 0/24 (25) HPs)
             Began as a Deep Elf Hedge Wizard on Oct 31, 2021.
             Slain by a goblin (1 damage)
             ... led by Robin
             ... on level 2 of the Dungeon.
             The game lasted 00:05:15 (2623 turns).

pokeman the Magician (Deep Elf Hedge Wizard)        Turns: 2623, Time: 00:05:16

HP:   0/24 (25)     AC:  3    Str:  7    XL:     4   Next: 44%
MP:   2/13          EV: 12    Int: 20    God:
Gold: 58            SH:  0    Dex: 14    Spells: 3/14 levels left

rFire   . . .      SeeInvis .   d - +0 dagger (venom)
rCold   . . .      Faith    .   (no shield)
rNeg    . . .      Spirit   .   b - +0 robe
rPois   .          Reflect  .   c - +0 hat
rElec   .          Harm     .   (no cloak)
rCorr   .          Rampage  .   (no gloves)
Will    .....                   i - +0 pair of boots
Stlth   ++........              (no amulet)
HPRegen 0.08/turn               (no ring)
MPRegen 0.13/turn               (no ring)

@: mighty, attractive, lightly drained
A: no striking features
a: no special abilities


You were on level 2 of the Dungeon.
You visited 1 branch of the dungeon, and saw 2 of its levels.

You collected 58 gold pieces.

Inventory:

Hand Weapons
 d - a +0 dagger of venom (weapon)
Armour
 b - a +0 robe (worn)
 c - a +0 hat (worn)
 i - a +0 pair of boots (worn)
Scrolls
 a - a scroll of amnesia {unknown}
 j - a scroll of magic mapping {unknown}
Potions
 h - a potion of heal wounds {unknown}


   Skills:
 - Level 1.0 Fighting
 - Level 1.0 Armour
 + Level 2.7 Dodging
 - Level 2.4 Stealth
 * Level 5.7 Spellcasting
 + Level 2.2 Conjurations
 - Level 1.1 Summonings
 - Level 1.1 Translocations
 + Level 0.9 Fire Magic


You had 3 spell levels left.
You knew the following spells:

 Your Spells              Type           Power      Damage    Failure   Level
a - Magic Dart            Conj           56%        1d5       4%          1
b - Mephitic Cloud        Conj/Pois/Air  8%         N/A       24%         3
c - Call Imp              Summ           10%        N/A       11%         2
d - Blink                 Tloc           20%        N/A       11%         2
e - Conjure Flame         Conj/Fire      12%        6-21      17%         3

Your spell library contained the following spells:

 Spells                   Type           Power      Damage    Failure   Level
 Slow                     Hex            20%        N/A       11%         1


Dungeon Overview and Level Annotations

Branches:
Dungeon (2/15)

Altars:

Annotations:
D:2 Robin


Message History

The ball explodes into a vile cloud!
The stinking cloud engulfs Sigmund but does no damage.
* * * LOW HITPOINT WARNING * * *
You feel very sick.
You hear a shout!
Unknown command.
It was a potion of attraction.
You feel attractive to monsters.
* * * LOW HITPOINT WARNING * * *
You feel very sick.
Sigmund is engulfed in noxious fumes.
Sigmund appears confused.
Robin is attracted toward you. The goblin is attracted toward you.
A goblin comes into view. It is wielding a +0 dagger.
Unknown command.
It was a potion of might.
You feel very mighty all of a sudden.
* * * LOW HITPOINT WARNING * * *
You feel sick.
Sigmund is engulfed in noxious fumes.
Sigmund appears confused.
Sigmund barely misses you.
Unknown command.
It was a potion of curing.
You feel better. Robin closely misses you.
Sigmund is engulfed in noxious fumes.
Sigmund appears confused.
Sigmund gestures wildly.
Sigmund closely misses you.
You hit Robin.
Robin is moderately wounded.
Robin barely misses you.
Unknown command.
You strike the helpless Sigmund from behind!
You puncture Sigmund!
Sigmund looks as sick as possible!
Sigmund is severely wounded.
Sigmund hits you with a +0 scythe of venom!
* * * LOW HITPOINT WARNING * * *
Unknown command.
You hit Sigmund.
Sigmund looks as sick as possible!
Sigmund is almost dead.
You kill Sigmund!
Robin throws the goblin at you!
The goblin unwields a +0 hunting sling.
The goblin wields a +0 club.
The goblin hits you with a +0 club.
You die...

.
#.##...#†########....#.#
#)###.##.# #.#.##.# ..
#g######.# #.#.##.# ..
#{g# ##.# #...##.# #+.
##)# #..# #..###.# #..
##.# #.## #..# #.# #..
##.{# #.# #..###.#
####..###.PP# #g#
#......# ........g.♣P#
#@# ##.#####
.#.....##PP.# #g#
#.#####
#.....###..####.#
##.##...
#.#....))g...).g#
#.#...##
.......).#.#######
##.#### ...#.#.###.# ###
####.#.# #.# #.#.. ..#
#.##########


You could see Robin and 2 goblins.

Vanquished Creatures
  Sigmund (D:2)
  Jessica (D:2)
  A gnoll (D:2)
  An adder (D:2)
  2 dart slugs (D:2)
  3 ball pythons
  5 endoplasms
  2 giant cockroaches
  13 goblins
  3 hobgoblins (D:2)
  3 jackals (D:2)
  2 quokkas
  2 bats (D:1)
  A frilled lizard (D:2)
  2 kobolds
  3 rats
45 creatures vanquished.

Vanquished Creatures (others)
  A bush (D:2)
  4 plants (D:2)
5 creatures vanquished.

Grand Total: 50 creatures vanquished

Notes
Turn   | Place    | Note
-------+----------+-------------------------------------------
     0 | D:1      | pokeman the Deep Elf Hedge Wizard began the quest for the
                  | Orb.
     0 | D:1      | Reached XP level 1. HP: 10/10 MP: 7/7
   337 | D:1      | Reached XP level 2. HP: 16/16 MP: 6/9
   499 | D:1      | Found a faded altar of an unknown god.
  1479 | D:2      | Noticed Jessica
  1484 | D:2      | Killed Jessica
  1485 | D:2      | Reached skill level 1 in Armour
  1485 | D:2      | Reached skill level 5 in Spellcasting
  1485 | D:2      | Reached XP level 3. HP: 20/20 MP: 4/11
  1491 | D:2      | Learned a level 3 spell: Mephitic Cloud
  1494 | D:2      | Learned a level 2 spell: Call Imp
  1497 | D:2      | Learned a level 2 spell: Blink
  1501 | D:2      | Learned a level 3 spell: Conjure Flame
  1656 | D:2      | Reached skill level 1 in Fighting
  2012 | D:2      | Reached XP level 4. HP: 25/25 MP: 3/13
  2371 | D:2      | Noticed Sigmund
  2604 | D:2      | Noticed Robin
  2622 | D:2      | HP: 1/24 [Sigmund (10)]
  2623 | D:2      | Killed Sigmund
  2623 | D:2      | Slain by a goblin

Illustrated notes

Levels and vault maps discovered:
D:1:      dpeg_arrival_simpleton_c, layout_loops_ring,
          shapermc_ecumenical_altar_ellora, roderic_filled_cross
D:2:      layout_loops_corners, serial_forest, infiniplex_forest_end_3,
          infiniplex_forest_zigzag_1, infiniplex_forest_end_double,
          infiniplex_forest_clump_tiny, infiniplex_forest_clump_C,
          infiniplex_forest_clump_small, infiniplex_forest_clump_small,
          infiniplex_forest_lined_ring, minmay_misc_feat_square,
          minmay_pentomino_x4, uniq_jessica, uniq_sigmund, uniq_robin

Skill      XL: |  1  2  3 |
---------------+----------+-----
Armour         | 1 |  1.0
Spellcasting   | 5 |  5.7
Fighting       | 1 |  1.0
Conjurations   | 2 |  2.2
Dodging        | |  2.7
Stealth        | |  2.4
Summonings     | |  1.1
Translocations | |  1.1
Fire Magic     | |  0.9

Action                   |  1- 3 |  4- 6 || total
-------------------------+-------+-------++-------
Melee: Dagger            |     4 |    21 ||    25
 Cast: Magic Dart        |    82 |    31 ||   113
       Call Imp          |       |     2 ||     2
       Mephitic Cloud    |       |     1 ||     1
  Use: Potion            |       |     3 ||     3
 Stab: Confused          |       |     1 ||     1
Armor: Robe              |     4 |     9 ||    13
Dodge: Dodged            |    13 |    13 ||    26

Table legend: (Time is in decaauts)
 A = Elapsed time spent in this place.
 B = Non-inter-level travel time spent in this place.
 C = Inter-level travel time spent in this place.
 D = Time resting spent in this place.
 E = Time spent auto-exploring this place.
 F = Levels seen in this place.
 G = Mean time per level.
                   A        B        C        D        E       F      G
               +--------+--------+--------+--------+--------+-----+--------+
         Total |   2622 |   2555 |     67 |    182 |   2112 |   2 | 1311.0 |
       Dungeon |   2622 |   2555 |     67 |    182 |   2112 |   2 | 1311.0 |
               +--------+--------+--------+--------+--------+-----+--------+

Top non-repeatable levels by time:
     D:2: 1398 daAuts
     D:1: 1223 daAuts
